Map: Efflorescence LE

Players

TeaDragon - Winner!

  • Race: Protoss Protoss
  • League: Diamond
  • Spawn Location: 12:00

noobling - Winner!

  • Race: Terran Terran
  • League: Diamond
  • Spawn Location: 3:00

Throwfordays

  • Race: Protoss Protoss
  • League: Silver
  • Spawn Location: 6:00

Faust

  • Race: Zerg Zerg
  • League: Diamond
  • Spawn Location: 9:00

VOD

Have the link to the VOD?

Description

Time

  • Played on: July 22, 2020, 12:08 a.m.
  • Length: 18:04
Show
View Real Time Build Order
Export as new Build Order

TeaDragon Protoss - Winner!

Build Orders:  

Get SALT Encoding   

  12  0:02  Probe  
  13  0:14  Probe  
  14  0:25  Pylon  
  14  0:26  Probe  
  15  0:43  Gateway, Probe  
  16  1:08  Probe  
  17  1:40  Pylon  
  17  1:49  Pylon  
  16  2:14  Probe  
  16  2:17  Assimilator  
  16  2:22  Assimilator, Probe  
  18  2:34  Probe  
  18  2:38  Nexus, Pylon  
  19  2:46  Probe  
  20  2:58  Probe  
  20  3:01  Cybernetics Core  
  21  3:05  Pylon  
  21  3:10  Probe  
  22  3:26  Probe  
  23  3:34  Gateway  
  23  3:35  Stalker  
  23  3:36  Gateway  
  23  3:39  Stargate  
  23  3:44  Warp Gate  
  23  3:48  Probe x2  
  27  3:56  Probe x2  
  29  4:06  Probe x2  
  29  4:07  Pylon  
  31  4:13  Void Ray  
  31  4:18  Probe x2  
  37  4:24  Adept  
  37  4:30  Probe x2  
  39  4:34  Adept  
  43  4:44  Void Ray, Probe x2  
  45  4:46  Assimilator  
  45  4:50  Assimilator  
  45  4:58  Pylon  
  49  5:08  Probe x2  
  51  5:19  Void Ray  
  51  5:20  Probe  
  51  5:21  Probe  
  53  5:27  Pylon  
  57  5:36  Protoss Air Weapons Level 1  
  57  5:38  Probe  
  57  5:39  Probe  
  59  5:50  Probe  
  59  5:51  Probe  
  59  5:54  Void Ray  
  59  5:55  Fleet Beacon  
  61  6:02  Probe  
  61  6:03  Probe  
  63  6:11  Shield Battery  
  67  6:12  Shield Battery  
  67  6:15  Pylon, Probe  
  68  6:32  Probe  
  69  6:35  Probe  
  70  6:43  Void Ray  
  70  6:47  Probe  
  70  6:48  Probe  
  76  6:59  Probe  
  77  7:17  Tempest  
  77  7:25  Nexus, Probe  
  77  7:29  Pylon  
  83  7:36  Probe  
  84  7:38  Probe  
  85  7:47  Pylon  
  85  7:48  Probe  
  85  7:50  Shield Battery, Probe  
  87  7:52  Tempest  
  87  7:54  Stargate  
  87  8:00  Probe  
  87  8:05  Probe  
  94  8:12  Probe  
  95  8:17  Probe  
  92  8:24  Probe  
  92  8:27  Tempest  
  93  8:29  Probe  
  93  8:32  Shield Battery  
  94  8:35  Shield Battery  
  94  8:36  Shield Battery, Probe  
  94  8:37  Shield Battery  
  94  8:39  Pylon  
  100  8:41  Probe  
  101  8:48  Probe  
  101  8:53  Probe  
  103  9:00  Probe  
  104  9:03  Assimilator  
  104  9:05  Tempest  
  104  9:07  Assimilator  
  104  9:09  Probe  
  110  9:10  Pylon  
  110  9:11  Tempest  
  110  9:43  Assimilator, Nexus, Pylon  
  110  9:45  Probe  
  111  9:47  Assimilator, Pylon  
  111  9:50  Tempest  
  111  9:51  Tempest  
  116  9:54  Probe  
  116  9:55  Probe  
  116  9:57  Probe  
  119  10:06  Probe  
  117  10:07  Probe  
  117  10:09  Probe  
  115  10:18  Probe  
  115  10:19  Probe  
  117  10:21  Probe  
  117  10:23  Stargate  
  117  10:26  Stargate  
  117  10:27  Pylon  
  118  10:31  Tempest, Probe  
  118  10:32  Probe  
  118  10:33  Probe  
  118  10:35  Tempest  
  131  10:43  Probe  
  131  10:44  Probe  
  131  10:46  Probe  
  134  10:55  Probe  
  134  10:56  Probe  
  136  10:58  Probe  
  136  11:02  Tempest  
  127  11:07  Probe  
  127  11:08  Probe  
  127  11:10  Probe  
  131  11:19  Probe  
  131  11:20  Probe  
  131  11:22  Probe  
  134  11:27  Void Ray x3  
  131  11:33  Shield Battery  
  131  11:35  Void Ray  
  131  11:36  Pylon  
  131  11:37  Probe  
  131  11:38  Pylon  
  131  11:39  Probe  
  133  11:43  Shield Battery  
  133  11:45  Shield Battery  
  137  11:54  Pylon  
  137  11:57  Pylon  
  137  11:59  Probe  
  137  12:00  Shield Battery  
  137  12:01  Shield Battery, Stalker  
  138  12:02  Stalker x2  
  138  12:03  Stargate  
  138  12:05  Stargate, Probe  
  138  12:06  Stargate  
  140  12:09  Probe  
  140  12:11  Probe  
  140  12:14  Void Ray x2  
  140  12:15  Void Ray  
  144  12:18  Gateway, Probe  
  144  12:21  Protoss Air Weapons Level 2, Probe  
  141  12:24  Probe  
  141  12:27  Pylon  
  142  12:30  Probe  
  142  12:31  Gateway  
  142  12:33  Probe  
  142  12:34  Gateway x2  
  144  12:37  Pylon x2  
  144  12:44  Pylon  
  144  12:48  Gateway  
  144  12:52  Void Ray x2  
  140  13:01  Pylon  
  140  13:02  Pylon, Void Ray x2  
  140  13:04  Pylon x2, Nexus  
  140  13:05  Assimilator  
  152  13:06  Assimilator, Pylon  
  152  13:08  Stalker x3  
  154  13:18  Probe  
  154  13:19  Stalker  
  157  13:24  Probe  
  157  13:25  Probe  
  157  13:26  Probe  
  160  13:29  Void Ray  
  160  13:30  Probe  
  161  13:35  Void Ray  
  172  13:42  Robotics Facility  
  172  13:43  Robotics Facility  
  172  13:45  Void Ray  
  172  13:46  Pylon  
  173  13:52  Void Ray x3  
  173  13:53  Void Ray  
  189  14:08  Probe  
  190  14:11  Void Ray  
  174  14:18  Void Ray, Stalker x8  
  172  14:29  Probe  
  172  14:30  Probe  
  174  14:36  Observer x2  
  176  14:40  Forge  
  176  14:42  Twilight Council  
  147  14:56  Stargate  
  147  14:58  Stargate  
  146  15:02  Stargate  
  146  15:03  Observer  
  146  15:04  Void Ray x3  
  159  15:11  Protoss Shields Level 1  
  159  15:16  Observer  
  160  15:23  Blink  
  160  15:27  Stargate  
  161  15:28  Observer  
  161  15:29  Stargate  
  161  15:30  Stalker x7  
  175  15:37  Probe  
  175  15:39  Void Ray  
  154  15:45  Void Ray  
  154  15:46  Void Ray  
  154  15:49  Void Ray  
  165  16:02  Nexus  
  165  16:03  Protoss Air Armor Level 1  
  165  16:19  Stalker  
  165  16:20  Stalker x6  
  179  16:26  Probe  
  180  16:35  Void Ray x3  
  192  16:40  Fleet Beacon  
  193  17:10  Assimilator, Nexus, Pylon  
  193  17:14  Assimilator  
  192  17:20  Pylon  
  192  17:21  Pylon  
  192  17:22  Pylon  
  192  17:23  Pylon  
  192  17:29  Nexus  
  192  17:32  Pylon  
  192  17:34  Pylon  
  192  17:51  Probe  
Show
View Real Time Build Order
Export as new Build Order

noobling Terran - Winner!

Build Orders: Reaper Expand 

Get SALT Encoding   

  12  0:01  SCV  
  13  0:13  SCV  
  14  0:18  Supply Depot  
  14  0:25  SCV  
  15  0:36  Refinery  
  15  0:40  SCV  
  16  0:46  Barracks  
  16  0:52  SCV  
  17  1:04  SCV  
  18  1:16  SCV  
  19  1:33  Orbital Command  
  19  1:35  Reaper  
  20  1:44  Command Center  
  20  1:53  Supply Depot  
  20  1:58  Refinery  
  20  2:07  Barracks Reactor  
  20  2:13  SCV  
  21  2:19  Factory  
  21  2:25  SCV  
  22  2:37  SCV  
  23  2:59  Orbital Command  
  23  3:01  Barracks Tech Lab  
  23  3:05  Starport  
  23  3:09  Hellion x2  
  23  3:11  SCV  
  28  3:15  Engineering Bay  
  28  3:23  SCV  
  29  3:30  Hellion, Stimpack  
  29  3:31  Hellion  
  33  3:36  Marauder  
  33  3:39  SCV  
  33  3:41  Orbital Command  
  36  3:47  Starport Reactor  
  36  3:50  Barracks  
  36  4:04  Missile Turret  
  36  4:09  SCV x2  
  38  4:13  Widow Mine x2  
  38  4:14  Marauder  
  44  4:27  SCV x2  
  46  4:39  Barracks Reactor  
  46  4:41  Barracks  
  46  4:52  Supply Depot  
  46  4:54  Supply Depot, Terran Infantry Weapons Level 1  
  46  5:14  SCV x2, Medivac x2, Marauder, Armory  
  54  5:15  Supply Depot  
  54  5:16  Widow Mine x2  
  54  5:21  Marine x2  
  58  5:26  SCV  
  61  5:30  Command Center  
  61  5:32  SCV  
  62  5:36  Marine  
  62  5:38  Supply Depot  
  62  5:41  Supply Depot  
  62  5:42  Barracks Reactor  
  63  5:44  Marine  
  63  5:45  Marine  
  65  5:55  Marine  
  68  5:57  Widow Mine  
  68  5:59  SCV  
  68  6:02  Marine  
  68  6:03  Marine  
  71  6:04  Supply Depot, SCV  
  72  6:13  Marine, SCV  
  72  6:16  SCV  
  72  6:18  Supply Depot  
  75  6:19  Marine x2  
  75  6:20  Marine, Widow Mine  
  75  6:21  Marine  
  75  6:23  Medivac  
  75  6:25  SCV  
  84  6:33  Marine  
  84  6:35  Combat Shield  
  84  6:36  Marine  
  84  6:37  Marine  
  84  6:38  Marine  
  84  6:39  Marine, Terran Vehicle Weapons Level 1  
  87  6:51  Refinery  
  87  6:53  Refinery  
  87  6:56  Barracks  
  87  6:57  Barracks  
  87  7:00  Factory  
  87  7:07  SCV x2  
  89  7:10  Starport  
  89  7:16  Marine x5  
  89  7:19  SCV  
  95  7:23  Engineering Bay  
  95  7:25  Orbital Command  
  95  7:28  SCV  
  96  7:31  SCV  
  96  7:33  Marine  
  96  7:34  Marine  
  99  7:40  SCV  
  99  7:43  Marine x3  
  106  7:44  Widow Mine x2  
  106  7:46  Factory Tech Lab  
  106  7:49  Starport Reactor  
  106  7:50  Barracks Reactor  
  107  7:52  Marine x2  
  107  7:53  Concussive Shells  
  107  7:54  SCV  
  107  7:57  Terran Infantry Armor Level 1  
  110  8:00  Marine  
  110  8:01  Supply Depot  
  111  8:09  SCV x3  
  114  8:21  SCV x2  
  114  8:23  SCV  
  114  8:25  Missile Turret  
  117  8:30  Marine  
  117  8:31  Marauder  
  117  8:32  Widow Mine x2, Medivac  
  117  8:33  SCV x2  
  128  8:35  SCV  
  128  8:36  Terran Infantry Weapons Level 2  
  129  8:45  SCV x2  
  129  8:46  Missile Turret  
  131  8:52  Marauder  
  133  8:56  Marine x2  
  133  8:57  Marine x3  
  133  8:58  Widow Mine, Siege Tank  
  141  9:13  Supply Depot  
  141  9:15  Terran Vehicle Weapons Level 2  
  141  9:16  Supply Depot  
  141  9:19  SCV x3  
  144  9:26  Command Center  
  144  9:30  Siege Tank  
  147  9:31  Refinery  
  147  9:32  Refinery  
  147  9:33  Missile Turret  
  147  9:36  SCV x2, Supply Depot  
  149  9:39  SCV  
  149  9:40  Supply Depot  
  150  9:48  SCV x2  
  150  9:51  SCV  
  153  9:53  Supply Depot  
  153  9:56  Supply Depot  
  153  10:00  SCV x2  
  155  10:07  Marine x4, Marauder  
  155  10:08  Widow Mine x2, Medivac  
  155  10:09  Medivac  
  155  10:10  Medivac  
  171  10:17  Marine x2  
  169  10:25  Marine x4  
  153  10:28  Marine  
  153  10:34  Marine, Barracks  
  153  10:35  Marine, Barracks  
  149  10:40  Refinery  
  149  10:43  Marine x2, Refinery  
  149  10:44  SCV  
  149  10:47  Missile Turret  
  149  10:49  Terran Infantry Armor Level 2, Command Center  
  152  10:58  Marine x2  
  152  10:59  Marine x2  
  152  11:00  Widow Mine x2  
  152  11:01  Viking  
  162  11:06  Orbital Command  
  162  11:10  SCV x3  
  165  11:22  Marine x5, SCV x2  
  165  11:23  Medivac, Widow Mine, Siege Tank  
  165  11:24  Widow Mine, Medivac  
  180  11:35  Marine x2  
  165  11:40  Marine x3  
  165  11:44  Marine x2  
  165  11:45  Widow Mine x2, Medivac  
  165  11:46  Medivac  
  178  11:49  SCV x2  
  178  11:50  SCV x2  
  178  11:53  Marine x2, Medivac  
  178  11:54  Medivac  
  187  11:57  Marine, Terran Infantry Weapons Level 3  
  187  11:58  Marine  
  188  12:01  SCV  
  181  12:14  Marine x5  
  181  12:15  Medivac  
  181  12:17  Marine x2  
  177  12:31  Marine  
  177  12:32  Marine x4  
  177  12:35  Marine x2  
  177  12:36  Refinery  
  184  12:37  Command Center  
  184  12:42  Refinery  
  180  12:46  Armory  
  180  12:47  SCV x3  
  180  12:49  Marine x2  
  180  12:50  Marine x2  
  171  12:55  Terran Vehicle Weapons Level 3  
  162  13:02  Viking x2  
  162  13:03  Viking  
  162  13:05  Neosteel Armor  
  155  13:17  Viking  
  157  13:26  Starport  
  157  13:27  Starport  
  157  13:32  Viking x2  
  157  13:33  Viking, Command Center  
  163  13:38  SCV  
  163  13:40  Orbital Command  
  154  13:48  Marine  
  154  13:49  Marine x6  
  135  14:06  Marine x2  
  135  14:07  Marine x5, Viking x3  
  135  14:09  Starport Reactor x2  
  146  14:22  Terran Ship Weapons Level 1  
  146  14:24  Marine x4  
  146  14:25  Marine  
  146  14:26  Factory  
  146  14:29  Marine x2  
  153  14:31  Viking  
  153  14:34  Hi-Sec Auto Tracking  
  153  14:36  Viking  
  153  14:37  Viking x2  
  161  14:42  Marine x4  
  161  14:43  Orbital Command  
  161  14:45  Terran Infantry Armor Level 3, Orbital Command x2  
  165  14:50  SCV x4  
  169  14:56  Barracks Tech Lab x2  
  169  14:57  Infernal Pre-Igniter  
  169  15:01  Viking  
  169  15:06  Viking  
  173  15:10  Factory  
  173  15:18  Viking x4  
  173  15:19  Viking x2  
  185  15:31  Viking  
  185  15:32  Terran Vehicle And Ship Armor Level 1  
  187  15:36  Viking, Command Center  
  189  15:43  Marine x2  
  189  15:44  Marine x4, Marauder  
  195  16:01  Marine x4  
  195  16:02  Marine  
  200  16:15  Drilling Claws  
  184  16:41  Barracks  
  184  16:46  Factory  
  184  16:47  Factory  
  183  16:48  Factory  
  183  16:51  Marine x3  
  183  16:52  Marine, Widow Mine  
  183  16:53  Widow Mine x2, Medivac x3  
  199  17:04  Orbital Command  
  199  17:06  Refinery  
  196  17:14  Widow Mine  
  196  17:35  Command Center  
  196  17:36  Command Center  
  196  17:41  Factory Tech Lab x3  
  196  17:42  Barracks Tech Lab, Factory x2  
Show
View Real Time Build Order
Export as new Build Order

Throwfordays Protoss 

Build Orders: Carriers 

Get SALT Encoding   

  12  0:01  Probe  
  13  0:13  Probe  
  14  0:18  Pylon  
  14  0:25  Probe  
  15  0:39  Gateway, Probe  
  16  0:49  Assimilator  
  16  0:51  Probe  
  16  0:55  Assimilator  
  17  1:03  Probe  
  18  1:15  Probe  
  19  1:21  Pylon  
  19  1:26  Cybernetics Core  
  19  1:27  Probe  
  20  1:35  Probe  
  21  1:44  Zealot, Probe  
  24  2:15  Adept, Warp Gate  
  26  2:27  Probe  
  27  2:54  Adept  
  29  3:00  Nexus  
  29  3:09  Pylon  
  29  3:20  Twilight Council  
  29  3:30  Adept  
  31  3:45  Gateway  
  31  3:48  Robotics Facility  
  31  3:59  Probe  
  32  4:06  Charge  
  32  4:10  Pylon, Probe  
  32  4:11  Probe  
  34  4:18  Probe  
  34  4:23  Probe  
  36  4:24  Stalker  
  38  4:35  Templar Archives  
  38  4:40  Forge  
  38  4:42  Probe  
  38  4:45  Probe  
  40  5:02  Probe  
  40  5:03  Probe  
  42  5:14  Probe  
  42  5:15  Probe  
  42  5:17  Photon Cannon  
  42  5:20  Photon Cannon  
  44  5:23  Photon Cannon  
  44  5:26  Probe  
  44  5:27  Probe  
  46  5:31  Psionic Storm  
  46  5:37  Assimilator  
  46  5:39  Probe  
  47  5:51  Pylon  
  47  5:54  Pylon  
  47  5:56  Photon Cannon  
  47  6:00  Photon Cannon, Probe  
  48  6:12  Protoss Shields Level 1, Probe  
  48  6:16  Stargate  
  49  6:25  Stargate  
  49  6:26  Protoss Air Weapons Level 1, Probe  
  50  6:35  Assimilator, Probe  
  51  6:40  Stalker x2  
  51  6:43  Probe  
  56  6:53  Stargate  
  56  6:57  Probe  
  57  7:05  Probe  
  57  7:15  Stargate, Probe  
  59  7:26  Fleet Beacon  
  59  7:43  Stalker x2  
  63  7:54  Carrier  
  69  8:14  Carrier  
  68  8:34  Carrier  
  70  8:57  Adept x2  
  74  9:19  Pylon  
  74  9:20  Pylon  
  74  9:21  Pylon  
  74  9:23  Pylon  
  74  9:25  Pylon  
  74  9:31  Gateway  
  74  9:33  Gateway  
  74  9:37  Carrier  
  80  9:42  Zealot  
  80  9:43  Zealot  
  80  9:45  Carrier  
  89  10:00  Observer  
  88  10:13  Zealot x2  
  84  10:38  Carrier  
  90  10:46  Carrier  
  96  10:51  High Templar  
  96  10:52  Zealot x2  
  96  10:53  Zealot  
  104  11:13  High Templar, Zealot  
  104  11:14  Zealot  
  110  11:26  Observer  
  94  11:47  Observer  
  95  12:00  High Templar  
  95  12:01  High Templar x2  
  97  12:16  Carrier  
  97  13:01  High Templar x3  
  101  13:27  Zealot  
  99  14:58  Carrier x3  
  117  15:23  Pylon  
  117  15:24  Pylon  
  117  15:26  Pylon  
  117  15:28  Pylon  
  117  15:41  Carrier  
  123  16:09  Pylon  
  123  16:12  Assimilator  
  123  16:17  Assimilator, Zealot x4  
  129  16:18  Nexus  
  73  16:37  Void Ray x3  
  73  16:38  Zealot  
  73  16:39  Zealot x3  
  93  16:51  Void Ray  
  97  17:36  Zealot  
  97  17:37  Zealot x3  
Show
View Real Time Build Order
Export as new Build Order

Faust Zerg 

Build Orders: Hatch First 

Get SALT Encoding   

  12  0:32  Drone x2  
  14  0:48  Hatchery  
  13  0:57  Drone  
  14  2:16  Spawning Pool  
  14  2:20  Drone x5  
  18  2:25  Extractor  
  17  2:37  Drone x3  
  17  2:44  Hatchery  
  19  2:47  Drone  
  20  2:52  Overlord  
  20  2:54  Overlord  
  20  3:04  Overlord x2  
  20  3:10  Queen x2  
  20  3:11  Zergling x2  
  25  3:14  Drone  
  25  3:15  Zergling x2  
  27  3:25  Drone  
  28  3:28  Drone  
  29  3:42  Metabolic Boost  
  29  3:48  Queen  
  29  3:51  Queen  
  29  3:52  Drone x2  
  29  3:53  Drone x2  
  37  3:59  Queen  
  39  4:05  Drone  
  39  4:06  Drone  
  41  4:12  Drone x2  
  41  4:13  Drone  
  44  4:24  Zergling x2  
  44  4:25  Zergling x8  
  49  4:40  Drone x2  
  49  4:41  Drone x6  
  55  4:46  Queen  
  57  4:53  Lair  
  57  5:06  Drone  
  58  5:08  Overlord x2  
  58  5:09  Extractor x2, Overlord x2  
  56  5:36  Drone x3  
  56  5:37  Drone x3, Overlord  
  56  5:38  Overlord x2  
  60  5:59  Spore Crawler, Drone x3  
  60  6:00  Drone  
  60  6:03  Extractor  
  62  6:13  Drone x2  
  62  6:14  Spore Crawler  
  63  6:18  Spore Crawler  
  63  6:20  Spore Crawler  
  63  6:23  Spore Crawler  
  60  6:32  Spore Crawler  
  56  6:34  Queen  
  57  6:43  Drone x3  
  57  6:44  Spire  
  58  7:09  Queen  
  60  7:16  Drone x3  
  60  7:18  Drone x3  
  60  7:19  Drone x5  
  71  7:34  Drone x4  
  73  7:47  Drone x3  
  73  7:48  Drone x2  
  73  7:50  Extractor  
  77  7:52  Extractor  
  72  8:25  Mutalisk x4  
  72  8:26  Corruptor, Mutalisk x4  
  85  8:27  Corruptor  
  85  8:29  Overlord  
  85  8:30  Overlord x3  
  85  8:31  Overlord x2  
  71  9:04  Corruptor  
  71  9:05  Corruptor x5  
  67  9:29  Corruptor x4  
  73  9:33  Queen  
  73  9:35  Queen  
  77  9:42  Corruptor x2  
  75  10:06  Corruptor  
  65  10:07  Corruptor x4  
  70  10:20  Extractor  
  69  10:39  Corruptor x2  
  67  11:13  Corruptor x3  
  71  11:20  Corruptor  
  71  11:30  Corruptor  
  69  11:39  Extractor  
  69  11:40  Drone x3  
  69  11:57  Extractor  
  62  12:29  Corruptor x4  
  60  12:30  Corruptor  
  60  12:31  Zergling x2  
  60  12:32  Zergling x6  
  56  13:22  Corruptor x3  
  56  13:24  Corruptor  
  56  13:25  Corruptor  
  64  13:35  Spore Crawler  
  64  13:38  Spore Crawler  
  64  13:39  Zergling x2  
  64  13:40  Zergling x14  
  70  13:43  Baneling Nest  
  69  13:50  Evolution Chamber  
  53  14:46  Zergling x2  
  53  14:47  Zergling x16  
  62  14:59  Zerg Melee Weapons Level 1, Infestation Pit  
  61  15:08  Extractor  
  61  15:09  Evolution Chamber  
  61  15:11  Extractor  
  61  15:12  Hatchery  
  43  15:59  Hive  
  43  16:05  Zerg Ground Armor Level 1  
  43  16:07  Zerg Flyer Weapons Level 1  
  43  16:11  Zergling x10  
  45  16:12  Zergling x2  
  45  16:13  Mutalisk x5  
  45  16:14  Mutalisk x2  
  61  16:21  Zergling x8  
  61  16:24  Queen  
  66  16:53  Mutalisk x5  
  70  17:01  Zergling x2  
  77  17:02  Drone  
  77  17:03  Drone  
  62  17:20  Zergling x2  
  62  17:21  Zergling x8  
  65  17:42  Baneling x5  
  65  17:43  Zergling x2, Baneling x5  
  65  17:44  Zergling x10  
Tags
 
Add a new tag
Caveats
  • Supply blocks, unpowered buildings, or Contaminate may cause inaccurate times.
  • Supply counts are checked every 10 seconds.